 Dungeon Crawl Stone Soup version 0.28-a0-589-g333b8329f1 (webtiles) character file.

Game seed: 3832731435032581128

141 blank1 the Skirmisher (level 5, -4/47 HPs)
             Began as a Minotaur Fighter on Oct 3, 2021.
             Succumbed to a goblin's poison
             ... on level 3 of the Dungeon.
             The game lasted 00:03:50 (2152 turns).

blank1 the Skirmisher (Minotaur Fighter)            Turns: 2152, Time: 00:03:51

Health: -4/47      AC: 11    Str: 20    XL:     5   Next: 3%
Magic:  4/4        EV:  8    Int:  5    God:
Gold:   117        SH:  4    Dex: 11    Spells: 4/4 levels left

rFire   . . .      SeeInvis .   a - +0 flail
rCold   . . .      Faith    .   c - +0 buckler
rNeg    . . .      Spirit   .   k - +0 chain mail
rPois   .          Reflect  .   (helmet restricted)
rElec   .          Harm     .   (no cloak)
rCorr   .          Rampage  .   b - +0 pair of gloves
Will    .....                   j - +0 pair of boots
Stlth   ..........              (no amulet)
HPRegen 0.15/turn               (no ring)
MPRegen 0.09/turn               (no ring)

@: lethally poisoned (-4 -> -26), attractive, very slightly contaminated,
invisible
A: horns 2, retaliatory headbutt
a: no special abilities


You were on level 3 of the Dungeon.
You visited 1 branch of the dungeon, and saw 3 of its levels.

You collected 117 gold pieces.

Inventory:

Hand Weapons
 a - a +0 flail (weapon)
Armour
 b - a +0 pair of gloves (worn)
 c - a +0 buckler (worn)
 j - a +0 pair of boots (worn)
 k - a +0 chain mail (worn)
Scrolls
 e - 2 scrolls of identify {unknown}
 g - a scroll of teleportation {unknown}
 h - a scroll of amnesia {unknown}
Potions
 d - a potion of might


   Skills:
 + Level 4.6 Fighting
 + Level 4.6 Maces & Flails
 - Level 4.0 Armour
 + Level 1.7 Dodging
 - Level 4.0 Shields


You had 4 spell levels left.
You didn't know any spells.
Your spell library contained the following spells:

 Spells                   Type           Power      Damage    Failure   Level
 Animate Skeleton         Necr           0%         N/A       99%         1
 Pain                     Necr           0%         1d4       99%         1
 Sandblast                Erth           0%         2d4       99%         1
 Conjure Flame            Conj/Fire      0%         6-21      100%        3
 Ignite Poison            Fire/Tmut/Pois 0%         N/A       100%        3
 Stone Arrow              Conj/Erth      0%         3d7       100%        3
 Vampiric Draining        Necr           0%         2d6       100%        3
 Animate Armour           Summ/Erth      0%         N/A       100%        4
 Sticky Flame             Conj/Fire      0%         2d3       100%        4
 Alistair's Intoxication  Tmut/Pois      0%         N/A       100%        5
 Lee's Rapid Deconstruct  Erth           0%         3d5*      100%        5
 Lehudib's Crystal Spear  Conj/Erth      0%         10d2      100%        8


Dungeon Overview and Level Annotations

Branches:
Dungeon (3/15)

Altars:
Cheibriados
Xom

Shops:
D:1 *

Annotations:
D:3 Terence


Innate Abilities, Weirdness & Mutations

You have a pair of horns on your head.
You reflexively headbutt those who attack you in melee.


Message History

You feel sick. Terence hits you with a +0 hand axe.
The goblin hits you with a +2 dagger of venom.
You are more poisoned.
You hit Terence.
Terence is moderately wounded.
You feel very sick. You block Terence's attack.
The kobold hits you but does no damage. The goblin hits you but does no damage.
You are more poisoned.
You barely miss Terence. You headbutt Terence.
Terence is heavily wounded.
You feel very sick. Terence hits you with a +0 hand axe.
The kobold barely misses you. The goblin hits you but does no damage.
You are lethally poisoned!
You are too injured to fight recklessly!
You are too injured to fight recklessly!
You barely miss Terence.
Terence is heavily wounded.
* * * LOW HITPOINT WARNING * * *
You feel very sick. Terence says, "Did you write a will?
You should..."
You block Terence's attack. The kobold hits you with a +0 whip.
* * * LOW HITPOINT WARNING * * *
You block the goblin's attack.
Unknown command.
Okay, then.
It was a potion of invisibility.
You fade into invisibility!
* * * LOW HITPOINT WARNING * * *
You feel very sick. Terence hits you but does no damage.
The kobold hits you with a +0 whip.
* * * LOW HITPOINT WARNING * * *
The goblin hits you with a +2 dagger of venom.
* * * LOW HITPOINT WARNING * * *
You are more poisoned.
You are very lightly contaminated with residual magic.
It was a potion of attraction.
You feel attractive to monsters.
You die...

..# #.......##.......
#.####.#.....#.......
#.#.>....#........... #
#......#.....##...... #.
#.......##...##...##. #.
##.......##....#...###
...##.##........##...(.....##
..o........@K...............#
.....)....#g@....†........#..
......#####........†......###
...... #.>............##
.)... #..............# .....
#............#.# ....
###.###......#.# ...$
#..#.........###
##...##)##.....#
#....#.#......#


You could see Terence, a goblin and a kobold.

Vanquished Creatures
  4 gnolls (D:2)
  4 adders
  A worm (D:2)
  2 orcs (D:3)
  4 ball pythons
  5 bats
  3 endoplasms
  2 giant cockroaches (D:1)
  8 goblins
  7 hobgoblins
  5 kobolds
  4 quokkas
  4 frilled lizards (D:1)
  4 rats
57 creatures vanquished.

Notes
Turn   | Place    | Note
-------+----------+-------------------------------------------
     0 | D:1      | blank1 the Minotaur Fighter began the quest for the Orb.
     0 | D:1      | Reached XP level 1. HP: 19/19 MP: 0/0
   270 | D:1      | Reached XP level 2. HP: 27/27 MP: 1/1
   277 | D:1      | Found Zurosche's General Store.
   624 | D:1      | Got the Compendium of the Ass
  1110 | D:2      | Found a shimmering altar of Xom.
  1128 | D:2      | Reached XP level 3. HP: 30/33 MP: 2/2
  1181 | D:2      | Found a faded altar of an unknown god.
  1311 | D:2      | Reached XP level 4. HP: 22/40 MP: 3/3
  1318 | D:2      | Reached skill level 1 in Dodging
  2064 | D:3      | Found a snail-covered altar of Cheibriados.
  2106 | D:3      | Reached XP level 5. HP: 47/47 MP: 4/4
  2140 | D:3      | Noticed Terence
  2151 | D:3      | HP: 2/47 [kobold (2)]
  2152 | D:3      | Succumbed to a goblin's poison

Illustrated notes

Levels and vault maps discovered:
D:1:      wheals_arrival_linesprint, layout_basic, serial_shops, shop
D:2:      layout_basic, basic_altar, ebering_ecumenical_altar_box,
          wad_floor_pattern_untrapped
D:3:      layout_rooms, mainiacjoe_overflow_small_starburst, minitemple,
          minmay_checkerbox, uniq_terence

Skill      XL: |  1  2  3  4 |
---------------+-------------+-----
Armour         | 4 |  4.0
Fighting       | 4 |  4.6
Shields        | 4 |  4.0
Maces & Flails | 3 4 |  4.6
Dodging        | 1 |  1.7

Action                   |  1- 3 |  4- 6 || total
-------------------------+-------+-------++-------
Melee: Flail             |    77 |    45 ||   122
       Headbutt          |     6 |     9 ||    15
  Use: Potion            |       |     2 ||     2
Armor: Scale mail        |    44 |    12 ||    56
       Chain mail        |       |    13 ||    13
Dodge: Dodged            |    24 |    26 ||    50
Block: Buckler           |    14 |    17 ||    31

Table legend: (Time is in decaauts)
 A = Elapsed time spent in this place.
 B = Non-inter-level travel time spent in this place.
 C = Inter-level travel time spent in this place.
 D = Time resting spent in this place.
 E = Time spent auto-exploring this place.
 F = Levels seen in this place.
 G = Mean time per level.
                   A        B        C        D        E       F      G
               +--------+--------+--------+--------+--------+-----+--------+
         Total |   2180 |   2121 |     59 |    175 |   1506 |   3 |  726.7 |
       Dungeon |   2180 |   2121 |     59 |    175 |   1506 |   3 |  726.7 |
               +--------+--------+--------+--------+--------+-----+--------+

Top non-repeatable levels by time:
     D:1: 1305 daAuts
     D:2: 682 daAuts
     D:3: 192 daAuts
